[ AOE2 MATCH · #477809813 ]
UnrankedMagyars vs Burmese
Player's team · LOSS
[ REPLAY ANALYSIS · EXTRACTED FROM THE RECORDED GAME ]
Feudal
10:32
Castle
20:38
Imperial
—
| APM avg | 28.1 |
| APM peak | 65 |
| eAPM avg | 13.8 |
| Villagers / military | 62 / 24 |
Focus
⚔️ 28.3% · 🌾 71.7%
Knight ×16 · Scout Cavalry ×6 · Spearman ×2
Feudal
9:43
Castle
16:00
Imperial
—
| APM avg | 50.4 |
| APM peak | 126 |
| eAPM avg | 13.2 |
| Villagers / military | 52 / 17 |
Focus
⚔️ 24.5% · 🌾 75.5%
Battle Elephant ×11 · Knight ×6
Feudal
8:31
Castle
21:11
Imperial
—
| APM avg | 50.4 |
| APM peak | 92 |
| eAPM avg | 17.7 |
| Villagers / military | 89 / 24 |
Focus
⚔️ 34.4% · 🌾 65.6%
Camel Scout ×13 · Scout Cavalry ×11
Feudal
8:26
Castle
20:39
Imperial
—
| APM avg | 40.6 |
| APM peak | 106 |
| eAPM avg | 17.7 |
| Villagers / military | 77 / 11 |
Focus
⚔️ 34.5% · 🌾 65.5%
Monk ×4 · Scout Cavalry ×4 · Spearman ×3
Feudal
10:08
Castle
13:51
Imperial
—
| APM avg | 53.6 |
| APM peak | 84 |
| eAPM avg | 30.0 |
| Villagers / military | 155 / 6 |
Focus
⚔️ 35.2% · 🌾 64.8%
Unknown (2579) ×39 · Monk ×6
Feudal
11:23
Castle
15:20
Imperial
—
| APM avg | 37.5 |
| APM peak | 71 |
| eAPM avg | 17.9 |
| Villagers / military | 124 / 57 |
Focus
⚔️ 17.7% · 🌾 82.3%
Cavalry Archer ×54 · Skirmisher ×3
Feudal
8:26
Castle
22:05
Imperial
—
| APM avg | 46.5 |
| APM peak | 72 |
| eAPM avg | 21.9 |
| Villagers / military | 72 / 33 |
Focus
⚔️ 34.2% · 🌾 65.8%
Skirmisher ×20 · Scout Cavalry ×13
Feudal
11:13
Castle
15:19
Imperial
—
| APM avg | 54.6 |
| APM peak | 93 |
| eAPM avg | 19.8 |
| Villagers / military | 57 / 57 |
Focus
⚔️ 46.6% · 🌾 53.4%
Bolas Rider ×56 · Skirmisher ×1
Match map
Initial resources + every placement click. Lines = walls · curves = elevation contours. ◆ gold · ⬟ stone · ● berries · ✦ relic · ◌ wall gap
Your base· ✓ Closed at 20:38 · 6t walls · no gate
Melodies of Life's base· ✓ Closed at 16:00 · 0t walls · fragile
GDL Paquita Industrial's base· ✓ Closed at 21:11 · 32t walls · 1 gate(s)
Collllin's base· ✓ Closed at 20:39 · 29t walls · 1 gate(s)
[GDL] Chuchito's base· Open — unwalled flank
BruceC's base· ✓ Closed at 15:20 · 0t walls · no gate
[TSU] Quickplay's#1Warrior's base· ✓ Closed at 22:05 · 29t walls · 4 gate(s)
[GDL] Nicky's base· Open — unwalled flank
Smoothed initial terrain · ◌ = detected wall gap · hover for details
Inputs per minute
— [GDL] El Pinguino - - Melodies of Life
Build order — [GDL] El Pinguino
148 actions detected in the replay
| 0:01 | Create | Villager (Male) |
| 0:01 | Create | Villager (Male) |
| 0:03 | Build | House |
| 0:04 | Build | House |
| 0:09 | Create | Villager (Male) |
| 0:26 | Create | Villager (Male) |
| 1:24 | Create | Villager (Male) |
| 1:52 | Create | Villager (Male) |
| 1:52 | Create | Villager (Male) |
| 2:02 | Build | Lumber Camp |
| 2:32 | Create | Villager (Male) |
| 2:33 | Create | Villager (Male) |
| 2:51 | Create | Villager (Male) |
| 3:29 | Create | Villager (Male) |
| 3:29 | Create | Villager (Male) |
| 3:48 | Create | Villager (Male) |
| 3:58 | Build | House |
| 4:44 | Create | Villager (Male) |
| 4:46 | Create | Villager (Male) |
| 4:47 | Build | House |
| 4:49 | Create | Villager (Male) |
| 5:24 | Build | House |
| 5:46 | Create | Villager (Male) |
| 5:56 | Build | Mill |
| 5:57 | Create | Villager (Male) |
| 6:15 | Research | Loom |
| 7:21 | Create | Villager (Male) |
| 7:48 | Create | Villager (Male) |
| 8:22 | Research | Feudal Age |
| 9:24 | Build | Barracks |
| 10:10 | Create | Villager (Male) |
| 10:32 | Age | Feudal Age |
| 10:38 | Build | Blacksmith |
| 10:42 | Build | House |
| 10:54 | Build | Stable |
| 10:58 | Create | Villager (Male) |
| 11:28 | Create | Villager (Male) |
| 11:48 | Create | Scout Cavalry |
| 12:01 | Create | Villager (Male) |
| 12:18 | Create | Scout Cavalry |
| 12:29 | Build | Palisade Wall |
| 12:57 | Create | Scout Cavalry |
| 13:02 | Create | Villager (Male) |
| 13:04 | Create | Spearman |
| 13:07 | Create | Villager (Male) |
| 13:10 | Build | House |
| 13:15 | Create | Villager (Male) |
| 13:28 | Create | Scout Cavalry |
| 13:32 | Build | House |
| 13:42 | Create | Scout Cavalry |
| 13:45 | Create | Villager (Male) |
| 13:47 | Build | Farm |
| 13:48 | Build | Farm |
| 13:48 | Build | Farm |
| 13:48 | Build | Farm |
| 13:49 | Build | Farm |
| 13:49 | Build | Farm |
| 14:05 | Create | Spearman |
| 14:17 | Build | House |
| 14:46 | Create | Scout Cavalry |
| 15:45 | Create | Villager (Male) |
| 15:52 | Build | Mining Camp |
| 15:58 | Build | Farm |
| 15:59 | Build | Farm |
| 16:00 | Build | Farm |
| 16:01 | Build | Farm |
| 16:02 | Build | Farm |
| 16:05 | Build | Farm |
| 16:10 | Create | Villager (Male) |
| 16:37 | Create | Villager (Male) |
| 17:03 | Create | Villager (Male) |
| 17:07 | Build | Farm |
| 17:30 | Create | Villager (Male) |
| 17:33 | Build | Farm |
| 17:42 | Research | Horse Collar |
| 17:43 | Research | Double-Bit Axe |
| 17:58 | Research | Castle Age |
| 18:10 | Build | Farm |
| 18:17 | Research | Gold Mining |
| 18:48 | Create | Villager (Male) |
| 18:49 | Create | Villager (Male) |
| 19:16 | Create | Villager (Male) |
| 19:25 | Create | Villager (Male) |
| 19:35 | Build | Stable |
| 19:49 | Research | Scale Barding Armor |
| 19:56 | Create | Villager (Male) |
| 20:30 | Create | Villager (Male) |
| 20:38 | Age | Castle Age |
| 20:39 | Create | Knight |
| 20:40 | Create | Knight |
| 21:01 | Create | Villager (Male) ×4 |
| 21:18 | Build | Market |
| 21:25 | Create | Knight ×4 |
| 21:35 | Build | Farm |
| 21:41 | Build | Town Center |
| 21:43 | Create | Villager (Male) |
| 21:45 | Research | Bow Saw |
| 21:52 | Build | Stable |
| 22:02 | Create | Knight |
| 22:09 | Research | Husbandry |
| 22:14 | Build | Farm |
| 22:19 | Build | House |
| 22:20 | Build | House |
| 22:25 | Create | Villager (Male) |
| 22:56 | Create | Knight |
| 22:58 | Create | Knight |
| 23:05 | Create | Villager (Male) ×2 |
| 23:19 | Create | Villager (Male) ×2 |
| 23:23 | Build | House |
| 23:32 | Create | Knight |
| 23:43 | Create | Villager (Male) |
| 23:46 | Build | Farm |
| 23:54 | Build | Farm |
| 23:54 | Build | Farm |
| 23:54 | Build | Farm |
| 23:55 | Build | Farm |
| 23:56 | Build | Farm |
| 23:56 | Build | Farm |
| 23:58 | Create | Villager (Male) |
| 24:09 | Build | Farm |
| 24:10 | Build | Farm |
| 24:17 | Build | Farm |
| 24:17 | Build | Farm |
| 24:26 | Create | Knight |
| 24:29 | Build | Farm |
| 24:29 | Build | Farm |
| 24:31 | Create | Villager (Male) |
| 24:53 | Build | Palisade Wall |
| 24:54 | Build | Palisade Wall |
| 24:54 | Build | Palisade Wall |
| 24:55 | Build | Palisade Wall |
| 25:10 | Research | Bloodlines |
| 25:13 | Create | Villager (Male) ×2 |
| 25:18 | Build | Siege Workshop |
| 25:30 | Create | Villager (Male) |
| 25:41 | Build | Farm |
| 25:42 | Create | Knight |
| 26:11 | Create | Knight |
| 26:18 | Create | Villager (Male) ×5 |
| 26:20 | Build | Farm |
| 26:23 | Build | House |
| 26:23 | Build | House |
| 27:04 | Create | Knight ×2 |
| 27:35 | Create | Villager (Male) |
| 27:35 | Create | Villager (Male) |
| 27:41 | Build | Farm |
| 27:42 | Build | Farm |
| 27:57 | Create | Knight |
Build order — Melodies of Life
First 150 of 152 actions detected
| 0:39 | Build | House |
| 0:40 | Build | House |
| 0:41 | Create | Villager (Male) |
| 0:49 | Create | Villager (Male) |
| 0:49 | Create | Villager (Male) |
| 0:49 | Create | Villager (Male) |
| 2:04 | Create | Villager (Male) |
| 2:27 | Build | Lumber Camp |
| 2:40 | Create | Villager (Male) |
| 2:40 | Create | Villager (Male) |
| 3:00 | Create | Villager (Male) |
| 3:25 | Create | Villager (Male) |
| 4:11 | Create | Villager (Male) |
| 4:11 | Create | Villager (Male) |
| 4:11 | Create | Villager (Male) |
| 4:17 | Build | House |
| 4:27 | Create | Villager (Male) |
| 5:27 | Create | Villager (Male) |
| 6:02 | Build | Mill |
| 6:07 | Create | Villager (Male) |
| 6:35 | Create | Villager (Male) |
| 6:56 | Create | Villager (Male) |
| 7:19 | Build | House |
| 7:33 | Research | Feudal Age |
| 8:58 | Build | Lumber Camp |
| 9:43 | Age | Feudal Age |
| 9:44 | Create | Villager (Male) |
| 9:49 | Research | Horse Collar |
| 9:49 | Research | Horse Collar |
| 9:57 | Create | Villager (Male) |
| 10:13 | Create | Villager (Male) |
| 10:17 | Build | Mining Camp |
| 10:50 | Create | Villager (Male) |
| 11:27 | Research | Loom |
| 11:34 | Build | House |
| 11:38 | Build | Market |
| 11:40 | Build | Blacksmith |
| 11:49 | Create | Villager (Male) |
| 11:50 | Create | Villager (Male) |
| 12:53 | Create | Villager (Male) |
| 12:53 | Create | Villager (Male) |
| 13:20 | Research | Castle Age |
| 13:20 | Research | Castle Age |
| 13:45 | Research | Horse Collar |
| 13:45 | Research | Horse Collar |
| 15:04 | Build | Lumber Camp |
| 15:05 | Build | Barracks |
| 15:24 | Research | Scale Barding Armor |
| 15:50 | Build | Stable |
| 16:00 | Age | Castle Age |
| 16:03 | Create | Villager (Male) |
| 16:07 | Research | Heavy Plow |
| 16:08 | Research | Heavy Plow |
| 16:10 | Build | Farm |
| 16:12 | Build | Farm |
| 16:13 | Build | Farm |
| 16:17 | Build | Farm |
| 16:18 | Build | Farm |
| 16:19 | Build | Farm |
| 16:20 | Build | Farm |
| 16:42 | Build | Lumber Camp |
| 16:44 | Create | Knight |
| 16:44 | Create | Knight |
| 17:01 | Build | Farm |
| 17:07 | Build | Farm |
| 17:18 | Create | Knight |
| 17:18 | Create | Knight |
| 17:21 | Create | Villager (Male) |
| 17:48 | Create | Villager (Male) |
| 17:52 | Build | House |
| 18:07 | Build | Town Center |
| 18:11 | Create | Knight |
| 18:33 | Build | House |
| 18:38 | Build | House |
| 18:39 | Create | Villager (Male) |
| 18:45 | Build | Farm |
| 18:47 | Build | Farm |
| 18:49 | Build | Farm |
| 18:50 | Build | Farm |
| 19:07 | Research | Husbandry |
| 19:53 | Create | Villager (Male) |
| 19:54 | Create | Villager (Male) |
| 19:55 | Create | Villager (Male) |
| 19:55 | Create | Villager (Male) |
| 19:58 | Build | House |
| 19:58 | Build | House |
| 19:59 | Build | House |
| 20:02 | Build | Farm |
| 20:02 | Build | Farm |
| 20:06 | Build | Farm |
| 20:07 | Build | Farm |
| 20:08 | Create | Villager (Male) |
| 20:50 | Create | Villager (Male) |
| 20:56 | Create | Knight |
| 21:05 | Create | Battle Elephant |
| 21:14 | Create | Villager (Male) |
| 21:14 | Create | Villager (Male) |
| 21:20 | Build | Town Center |
| 21:27 | Create | Battle Elephant |
| 22:29 | Create | Battle Elephant |
| 22:29 | Create | Battle Elephant |
| 22:41 | Create | Villager (Male) |
| 22:43 | Create | Villager (Male) |
| 22:46 | Create | Villager (Male) |
| 22:47 | Create | Villager (Male) |
| 23:00 | Build | Farm |
| 23:01 | Build | Farm |
| 23:04 | Build | Farm |
| 23:05 | Build | Farm |
| 23:07 | Create | Battle Elephant |
| 23:43 | Create | Battle Elephant |
| 23:44 | Create | Villager (Male) |
| 23:46 | Create | Villager (Male) |
| 23:52 | Build | Farm |
| 23:55 | Build | Farm |
| 23:55 | Build | Farm |
| 23:57 | Build | Farm |
| 23:59 | Build | Farm |
| 24:00 | Build | Farm |
| 24:01 | Build | Farm |
| 24:05 | Create | Battle Elephant |
| 24:34 | Create | Villager (Male) |
| 24:34 | Create | Villager (Male) |
| 24:35 | Create | Villager (Male) |
| 24:40 | Build | Farm |
| 24:41 | Build | Farm |
| 24:42 | Build | Farm |
| 24:43 | Build | Farm |
| 24:46 | Build | Farm |
| 24:47 | Create | Battle Elephant |
| 25:12 | Create | Battle Elephant |
| 25:25 | Research | Chain Barding Armor |
| 25:25 | Research | Chain Barding Armor |
| 25:27 | Create | Villager (Male) |
| 25:32 | Build | Farm |
| 25:35 | Build | House |
| 25:36 | Build | House |
| 25:37 | Build | House |
| 25:39 | Build | House |
| 26:00 | Create | Battle Elephant |
| 26:02 | Create | Villager (Male) |
| 26:03 | Create | Villager (Male) |
| 26:47 | Research | Bloodlines |
| 26:47 | Research | Bloodlines |
| 26:48 | Research | Forging |
| 27:04 | Create | Villager (Male) |
| 27:04 | Create | Villager (Male) |
| 27:05 | Create | Villager (Male) |
| 27:08 | Build | Farm |
| 27:20 | Research | Iron Casting |
Build order — GDL Paquita Industrial
First 150 of 192 actions detected
| 0:02 | Build | House |
| 0:02 | Create | Villager (Male) |
| 0:03 | Create | Villager (Male) |
| 0:03 | Create | Villager (Male) |
| 0:05 | Build | House |
| 0:15 | Create | Villager (Male) |
| 0:15 | Create | Villager (Male) |
| 0:15 | Create | Villager (Male) |
| 1:25 | Create | Villager (Male) |
| 1:26 | Create | Villager (Male) |
| 1:43 | Create | Villager (Male) |
| 1:44 | Create | Villager (Male) |
| 2:21 | Create | Villager (Male) |
| 2:21 | Create | Villager (Male) |
| 2:25 | Build | Lumber Camp |
| 2:47 | Create | Villager (Male) |
| 3:05 | Create | Villager (Male) |
| 3:28 | Build | House |
| 3:33 | Build | House |
| 3:42 | Create | Villager (Male) |
| 3:42 | Create | Villager (Male) |
| 3:56 | Create | Villager (Male) |
| 3:56 | Create | Villager (Male) |
| 4:15 | Create | Villager (Male) |
| 4:50 | Create | Villager (Male) |
| 4:50 | Research | Loom |
| 4:55 | Build | Mill |
| 5:56 | Create | Villager (Male) |
| 6:15 | Research | Feudal Age |
| 7:34 | Build | Barracks |
| 7:39 | Create | Villager (Male) |
| 7:42 | Build | House |
| 8:31 | Age | Feudal Age |
| 8:40 | Build | Stable |
| 8:45 | Create | Villager (Male) |
| 8:56 | Create | Villager (Male) |
| 9:02 | Research | Double-Bit Axe |
| 9:21 | Build | House |
| 9:34 | Create | Scout Cavalry |
| 9:39 | Create | Villager (Male) |
| 10:00 | Create | Scout Cavalry |
| 10:15 | Create | Scout Cavalry |
| 10:16 | Create | Villager (Male) |
| 10:18 | Create | Villager (Male) |
| 10:48 | Create | Scout Cavalry |
| 10:50 | Create | Villager (Male) |
| 11:04 | Build | Market |
| 11:14 | Create | Scout Cavalry |
| 11:16 | Research | Horse Collar |
| 11:31 | Create | Villager (Male) |
| 11:39 | Build | Farm |
| 11:51 | Create | Scout Cavalry |
| 12:03 | Build | Mining Camp |
| 12:19 | Build | House |
| 12:21 | Build | House |
| 12:30 | Build | Farm |
| 12:31 | Build | Farm |
| 12:48 | Create | Scout Cavalry |
| 13:02 | Build | House |
| 13:13 | Build | Farm |
| 13:15 | Build | Farm |
| 13:20 | Build | Farm |
| 13:21 | Build | Farm |
| 13:25 | Build | Farm |
| 13:38 | Build | Farm |
| 13:53 | Create | Villager (Male) |
| 14:04 | Build | Farm |
| 14:07 | Create | Scout Cavalry |
| 14:21 | Create | Villager (Male) |
| 14:21 | Create | Villager (Male) |
| 14:56 | Create | Villager (Male) |
| 14:56 | Create | Villager (Male) |
| 15:42 | Create | Villager (Male) |
| 15:43 | Build | Farm |
| 15:49 | Create | Villager (Male) |
| 16:08 | Build | Farm |
| 16:19 | Build | Stable |
| 16:30 | Create | Villager (Male) |
| 16:32 | Build | Blacksmith |
| 17:22 | Build | House |
| 17:41 | Create | Villager (Male) |
| 17:42 | Create | Villager (Male) |
| 17:45 | Build | Farm |
| 17:46 | Build | Farm |
| 17:54 | Build | Farm |
| 18:09 | Research | Castle Age |
| 18:17 | Build | House |
| 18:44 | Create | Scout Cavalry |
| 18:44 | Create | Scout Cavalry |
| 18:44 | Create | Scout Cavalry |
| 19:27 | Build | Stone Wall |
| 19:29 | Build | Gate |
| 19:40 | Build | Farm |
| 19:49 | Research | Bloodlines |
| 19:52 | Research | Forging |
| 20:07 | Research | Scale Barding Armor |
| 21:04 | Create | Villager (Male) |
| 21:11 | Age | Castle Age |
| 21:15 | Research | Bow Saw |
| 21:21 | Build | Palisade Gate |
| 21:40 | Build | Town Center |
| 21:42 | Create | Villager (Male) |
| 21:52 | Build | Farm |
| 21:54 | Create | Villager (Male) |
| 21:57 | Build | Farm |
| 22:01 | Build | Town Center |
| 22:03 | Create | Camel Scout |
| 22:03 | Create | Camel Scout |
| 22:03 | Create | Camel Scout |
| 22:03 | Create | Camel Scout |
| 22:10 | Create | Villager (Male) |
| 22:33 | Create | Villager (Male) |
| 22:35 | Create | Camel Scout |
| 22:35 | Create | Camel Scout |
| 22:35 | Create | Camel Scout |
| 22:46 | Create | Villager (Male) |
| 22:46 | Create | Villager (Male) |
| 22:54 | Research | Husbandry |
| 22:54 | Research | Husbandry |
| 23:05 | Build | Farm |
| 23:18 | Create | Villager (Male) |
| 23:18 | Create | Villager (Male) |
| 23:19 | Create | Villager (Male) |
| 23:29 | Create | Villager (Male) |
| 23:33 | Create | Camel Scout |
| 23:33 | Create | Camel Scout |
| 23:34 | Create | Camel Scout |
| 23:43 | Create | Villager (Male) |
| 23:43 | Create | Villager (Male) |
| 24:13 | Build | Stone Wall |
| 24:23 | Create | Camel Scout |
| 24:23 | Create | Camel Scout |
| 24:23 | Create | Camel Scout |
| 24:24 | Create | Villager (Male) |
| 24:27 | Build | Farm |
| 24:27 | Build | Farm |
| 24:27 | Build | Farm |
| 24:27 | Build | Farm |
| 24:28 | Build | Farm |
| 24:28 | Build | Farm |
| 24:28 | Build | Farm |
| 25:02 | Create | Villager (Male) |
| 25:02 | Create | Villager (Male) |
| 25:02 | Create | Villager (Male) |
| 25:09 | Build | Farm |
| 25:09 | Build | Farm |
| 25:09 | Build | Farm |
| 25:09 | Build | Farm |
| 25:17 | Create | Villager (Male) |
| 25:18 | Create | Villager (Male) |
Build order — Collllin
First 150 of 159 actions detected
| 0:01 | Create | Villager (Male) |
| 0:03 | Build | House |
| 0:04 | Build | House |
| 0:16 | Create | Villager (Male) |
| 0:21 | Create | Villager (Male) |
| 0:27 | Create | Villager (Male) |
| 0:27 | Create | Villager (Male) |
| 1:24 | Create | Villager (Male) |
| 2:02 | Create | Villager (Male) |
| 2:03 | Create | Villager (Male) |
| 2:06 | Build | Lumber Camp |
| 2:20 | Create | Villager (Male) |
| 2:56 | Create | Villager (Male) |
| 2:56 | Create | Villager (Male) |
| 2:57 | Create | Villager (Male) |
| 2:57 | Create | Villager (Male) |
| 3:23 | Create | Villager (Male) |
| 3:23 | Create | Villager (Male) |
| 3:31 | Build | House |
| 4:01 | Create | Villager (Male) |
| 4:01 | Create | Villager (Male) |
| 4:37 | Build | Mill |
| 4:39 | Create | Villager (Male) |
| 5:10 | Create | Villager (Male) |
| 5:14 | Research | Loom |
| 6:15 | Research | Feudal Age |
| 6:15 | Research | Feudal Age |
| 7:12 | Build | Barracks |
| 7:34 | Build | House |
| 8:07 | Create | Villager (Male) |
| 8:13 | Create | Villager (Male) |
| 8:26 | Age | Feudal Age |
| 8:28 | Build | Stable |
| 8:57 | Create | Villager (Male) |
| 9:15 | Create | Spearman |
| 9:23 | Create | Scout Cavalry |
| 9:26 | Create | Villager (Male) |
| 9:45 | Create | Scout Cavalry |
| 9:49 | Research | Double-Bit Axe |
| 10:08 | Build | Stone Wall |
| 10:23 | Create | Spearman |
| 10:29 | Build | House |
| 10:30 | Research | Wheelbarrow |
| 10:59 | Build | Farm |
| 11:04 | Build | House |
| 11:07 | Build | Farm |
| 11:13 | Create | Scout Cavalry |
| 11:21 | Build | Farm |
| 11:39 | Build | Farm |
| 11:52 | Create | Villager (Male) |
| 11:54 | Create | Villager (Male) |
| 12:05 | Create | Spearman |
| 12:14 | Create | Villager (Male) |
| 12:16 | Build | Farm |
| 12:31 | Create | Villager (Male) |
| 12:45 | Create | Villager (Male) |
| 12:49 | Create | Villager (Male) |
| 13:01 | Create | Scout Cavalry |
| 13:04 | Build | Farm |
| 13:08 | Build | Farm |
| 13:25 | Build | Gate |
| 13:41 | Build | House |
| 13:42 | Build | House |
| 13:55 | Build | Farm |
| 13:57 | Build | Farm |
| 14:13 | Create | Villager (Male) |
| 14:20 | Build | Blacksmith |
| 14:28 | Create | Villager (Male) |
| 14:35 | Create | Villager (Male) |
| 14:57 | Build | Gate |
| 15:07 | Create | Villager (Male) |
| 15:21 | Create | Villager (Male) |
| 15:26 | Build | Mining Camp |
| 15:32 | Build | Farm |
| 15:51 | Build | Mining Camp |
| 16:00 | Create | Villager (Male) |
| 16:50 | Create | Villager (Male) |
| 16:57 | Build | Market |
| 17:34 | Create | Villager (Male) |
| 17:45 | Research | Castle Age |
| 17:45 | Research | Castle Age |
| 18:46 | Research | Horse Collar |
| 19:05 | Build | Farm |
| 19:28 | Build | Farm |
| 19:54 | Build | Farm |
| 19:56 | Create | Villager (Male) |
| 20:25 | Build | House |
| 20:29 | Build | House |
| 20:39 | Age | Castle Age |
| 20:41 | Build | Krepost |
| 20:43 | Create | Villager (Male) |
| 20:52 | Build | Town Center |
| 20:59 | Build | Town Center |
| 21:10 | Create | Villager (Male) |
| 21:24 | Build | Farm |
| 21:25 | Build | Farm |
| 21:26 | Build | Farm |
| 21:27 | Create | Villager (Male) |
| 21:52 | Create | Villager (Male) |
| 21:53 | Build | Farm |
| 21:56 | Create | Villager (Male) |
| 22:03 | Create | Villager (Male) |
| 22:17 | Create | Villager (Male) |
| 22:31 | Create | Villager (Male) |
| 22:33 | Build | Farm |
| 22:40 | Create | Villager (Male) |
| 22:47 | Create | Villager (Male) |
| 22:50 | Create | Villager (Male) |
| 22:51 | Create | Villager (Male) |
| 23:09 | Create | Villager (Male) |
| 23:15 | Create | Villager (Male) |
| 23:25 | Build | Town Center |
| 23:31 | Research | Bow Saw |
| 23:31 | Research | Bow Saw |
| 23:31 | Research | Bow Saw |
| 23:32 | Create | Villager (Male) |
| 23:41 | Create | Villager (Male) |
| 23:45 | Create | Villager (Male) |
| 23:53 | Create | Villager (Male) |
| 23:58 | Create | Villager (Male) |
| 24:01 | Build | Monastery |
| 24:04 | Create | Villager (Male) |
| 24:17 | Create | Villager (Male) |
| 24:27 | Research | Heavy Plow |
| 24:30 | Build | Farm |
| 24:31 | Build | Farm |
| 24:35 | Create | Villager (Male) |
| 24:36 | Build | Farm |
| 24:39 | Create | Villager (Male) |
| 24:48 | Create | Villager (Male) |
| 24:49 | Create | Monk |
| 24:51 | Build | Farm |
| 24:52 | Create | Villager (Male) |
| 24:52 | Create | Villager (Male) |
| 24:54 | Build | Farm |
| 24:57 | Create | Villager (Male) |
| 24:59 | Build | Farm |
| 25:01 | Create | Villager (Male) |
| 25:09 | Build | Farm |
| 25:12 | Build | Farm |
| 25:13 | Create | Villager (Male) |
| 25:16 | Create | Villager (Male) |
| 25:27 | Build | Farm |
| 25:29 | Build | Farm |
| 25:30 | Create | Monk |
| 25:35 | Build | Farm |
| 25:37 | Build | Farm |
| 25:39 | Create | Villager (Male) |
| 25:46 | Create | Monk |
| 25:50 | Build | Gate |
Build order — [GDL] Chuchito
First 150 of 289 actions detected
| 0:01 | Create | Villager (Male) |
| 0:02 | Create | Villager (Male) |
| 0:03 | Build | House |
| 0:03 | Build | House |
| 0:04 | Create | Villager (Male) |
| 0:04 | Create | Villager (Male) |
| 1:06 | Create | Villager (Male) |
| 1:06 | Create | Villager (Male) |
| 1:32 | Create | Villager (Male) |
| 1:32 | Create | Villager (Male) |
| 2:07 | Create | Villager (Male) |
| 2:07 | Create | Villager (Male) |
| 2:20 | Create | Villager (Male) |
| 2:20 | Create | Villager (Male) |
| 2:36 | Build | Settlement |
| 2:43 | Create | Villager (Male) |
| 2:44 | Create | Villager (Male) |
| 3:23 | Create | Villager (Male) |
| 3:24 | Create | Villager (Male) |
| 3:48 | Create | Villager (Male) |
| 3:49 | Create | Villager (Male) |
| 4:02 | Create | Villager (Male) |
| 4:03 | Create | Villager (Male) |
| 4:39 | Create | Villager (Male) |
| 4:42 | Create | Villager (Male) |
| 4:42 | Create | Villager (Male) |
| 5:16 | Create | Villager (Male) |
| 5:17 | Create | Villager (Male) |
| 5:20 | Create | Villager (Male) |
| 5:20 | Create | Villager (Male) |
| 5:21 | Create | Villager (Male) |
| 5:37 | Build | Settlement |
| 5:49 | Create | Villager (Male) |
| 5:55 | Create | Villager (Male) |
| 5:56 | Create | Villager (Male) |
| 6:10 | Create | Villager (Male) |
| 6:10 | Create | Villager (Male) |
| 6:51 | Create | Villager (Male) |
| 6:52 | Create | Villager (Male) |
| 7:08 | Build | Settlement |
| 7:12 | Create | Villager (Male) |
| 7:17 | Create | Villager (Male) |
| 7:17 | Create | Villager (Male) |
| 7:58 | Research | Feudal Age |
| 7:58 | Research | Feudal Age |
| 10:08 | Age | Feudal Age |
| 10:12 | Create | Villager (Male) |
| 10:20 | Build | Market |
| 10:22 | Build | Blacksmith |
| 10:23 | Research | Loom |
| 11:11 | Research | Castle Age |
| 11:11 | Research | Castle Age |
| 11:38 | Research | Double-Bit Axe |
| 13:41 | Create | Villager (Male) |
| 13:51 | Age | Castle Age |
| 13:54 | Research | Bow Saw |
| 13:55 | Create | Villager (Male) |
| 13:56 | Build | Farm |
| 13:57 | Build | Farm |
| 13:58 | Create | Villager (Male) |
| 13:58 | Create | Villager (Male) |
| 13:59 | Create | Villager (Male) |
| 14:12 | Research | Fletching |
| 14:25 | Create | Villager (Male) |
| 14:26 | Create | Villager (Male) |
| 15:00 | Build | Farm |
| 15:01 | Build | Farm |
| 15:01 | Create | Villager (Male) |
| 15:02 | Create | Villager (Male) |
| 15:08 | Build | Castle |
| 15:18 | Build | Palisade Wall |
| 15:22 | Build | Farm |
| 15:22 | Build | Farm |
| 15:34 | Create | Villager (Male) |
| 15:34 | Create | Villager (Male) |
| 15:36 | Build | Palisade Wall |
| 15:37 | Build | Palisade Wall |
| 15:39 | Build | Palisade Wall |
| 15:41 | Build | Palisade Wall |
| 15:51 | Research | Bodkin Arrow |
| 15:59 | Create | Villager (Male) |
| 15:59 | Create | Villager (Male) |
| 16:27 | Build | Monastery |
| 16:27 | Create | Villager (Male) |
| 16:28 | Create | Villager (Male) |
| 16:41 | Create | Unit 2579 |
| 16:42 | Create | Unit 2579 |
| 16:42 | Create | Villager (Male) |
| 16:43 | Create | Villager (Male) |
| 17:00 | Create | Villager (Male) |
| 17:00 | Create | Villager (Male) |
| 17:16 | Create | Villager (Male) |
| 17:17 | Create | Villager (Male) |
| 17:18 | Create | Monk |
| 17:18 | Create | Monk |
| 17:27 | Create | Villager (Male) |
| 17:27 | Create | Villager (Male) |
| 17:36 | Research | Gold Mining |
| 17:36 | Research | Gold Mining |
| 17:37 | Create | Villager (Male) |
| 17:51 | Create | Villager (Male) |
| 17:51 | Create | Villager (Male) |
| 17:52 | Create | Unit 2579 |
| 18:09 | Build | Farm |
| 18:11 | Build | Farm |
| 18:19 | Create | Unit 2579 |
| 18:20 | Create | Villager (Male) |
| 18:24 | Create | Villager (Male) |
| 18:25 | Create | Villager (Male) |
| 18:26 | Create | Unit 2579 |
| 18:26 | Create | Unit 2579 |
| 18:43 | Create | Villager (Male) |
| 18:43 | Create | Villager (Male) |
| 18:44 | Create | Unit 2579 |
| 18:57 | Create | Villager (Male) |
| 18:58 | Create | Villager (Male) |
| 19:10 | Create | Monk |
| 19:11 | Create | Monk |
| 19:17 | Create | Villager (Male) |
| 19:18 | Create | Villager (Male) |
| 19:36 | Create | Villager (Male) |
| 19:36 | Create | Villager (Male) |
| 19:43 | Build | Town Center |
| 19:50 | Create | Unit 2579 ×3 |
| 19:50 | Create | Unit 2579 ×3 |
| 19:55 | Create | Villager (Male) |
| 19:55 | Create | Villager (Male) |
| 20:12 | Create | Villager (Male) |
| 20:12 | Create | Villager (Male) |
| 20:22 | Create | Monk |
| 20:32 | Build | Farm |
| 20:32 | Build | Farm |
| 20:32 | Build | Farm |
| 20:33 | Build | Farm |
| 20:33 | Build | Farm |
| 20:35 | Create | Villager (Male) |
| 20:35 | Create | Villager (Male) |
| 20:47 | Create | Villager (Male) |
| 20:47 | Create | Villager (Male) |
| 20:49 | Create | Unit 2579 ×2 |
| 20:49 | Create | Unit 2579 ×2 |
| 21:18 | Create | Villager (Male) |
| 21:18 | Create | Villager (Male) |
| 21:28 | Create | Villager (Male) |
| 21:47 | Build | Farm |
| 21:51 | Create | Villager (Male) |
| 21:51 | Create | Villager (Male) |
| 21:58 | Build | Town Center |
| 22:01 | Create | Unit 2579 ×2 |
| 22:03 | Build | Farm |
Build order — BruceC
First 150 of 265 actions detected
| 0:01 | Create | Villager (Male) |
| 0:01 | Create | Villager (Male) |
| 0:02 | Create | Villager (Male) |
| 0:03 | Build | House |
| 0:04 | Build | House |
| 0:15 | Create | Villager (Male) |
| 0:16 | Create | Villager (Male) |
| 1:27 | Create | Villager (Male) |
| 1:28 | Create | Villager (Male) |
| 2:00 | Build | Lumber Camp |
| 2:01 | Create | Villager (Male) |
| 2:01 | Create | Villager (Male) |
| 2:16 | Create | Villager (Male) |
| 2:16 | Create | Villager (Male) |
| 2:48 | Create | Villager (Male) |
| 2:48 | Create | Villager (Male) |
| 3:11 | Create | Villager (Male) |
| 3:11 | Create | Villager (Male) |
| 3:44 | Create | Villager (Male) |
| 3:44 | Create | Villager (Male) |
| 3:53 | Build | House |
| 4:13 | Create | Villager (Male) |
| 4:14 | Create | Villager (Male) |
| 4:14 | Create | Villager (Male) |
| 4:14 | Create | Villager (Male) |
| 4:20 | Build | House |
| 4:33 | Create | Villager (Male) |
| 4:33 | Create | Villager (Male) |
| 5:20 | Create | Villager (Male) |
| 5:21 | Create | Villager (Male) |
| 5:21 | Create | Villager (Male) |
| 5:32 | Build | Mill |
| 5:47 | Create | Villager (Male) |
| 5:47 | Create | Villager (Male) |
| 6:10 | Create | Villager (Male) |
| 6:10 | Create | Villager (Male) |
| 6:15 | Build | House |
| 6:16 | Build | House |
| 6:17 | Create | Villager (Male) |
| 6:18 | Create | Villager (Male) |
| 7:28 | Create | Villager (Male) |
| 7:38 | Create | Villager (Male) |
| 7:39 | Create | Villager (Male) |
| 8:30 | Create | Villager (Male) |
| 8:51 | Build | Lumber Camp |
| 9:12 | Research | Feudal Age |
| 9:13 | Research | Feudal Age |
| 9:20 | Build | Mining Camp |
| 10:32 | Build | Barracks |
| 10:59 | Build | Mining Camp |
| 11:08 | Create | Villager (Male) |
| 11:08 | Create | Villager (Male) |
| 11:23 | Age | Feudal Age |
| 11:27 | Build | Blacksmith |
| 11:32 | Build | Market |
| 12:07 | Build | Farm |
| 12:08 | Build | Farm |
| 12:12 | Create | Villager (Male) |
| 12:17 | Build | Farm |
| 12:24 | Build | Farm |
| 12:40 | Research | Castle Age |
| 12:41 | Research | Castle Age |
| 13:12 | Research | Double-Bit Axe |
| 13:12 | Research | Double-Bit Axe |
| 13:51 | Research | Horse Collar |
| 13:52 | Research | Horse Collar |
| 15:20 | Age | Castle Age |
| 15:23 | Create | Villager (Male) |
| 15:23 | Create | Villager (Male) |
| 15:28 | Build | Town Center |
| 15:46 | Build | Town Center |
| 15:48 | Create | Villager (Male) |
| 16:04 | Build | Town Center |
| 16:27 | Build | Palisade Wall |
| 16:30 | Build | Palisade Gate |
| 16:33 | Create | Villager (Male) |
| 16:37 | Create | Villager (Male) |
| 16:38 | Create | Villager (Male) |
| 16:44 | Create | Villager (Male) |
| 16:44 | Create | Villager (Male) |
| 16:49 | Build | Farm |
| 16:50 | Build | Farm |
| 16:52 | Create | Villager (Male) |
| 16:52 | Create | Villager (Male) |
| 17:08 | Create | Villager (Male) |
| 17:10 | Build | Farm |
| 17:33 | Build | Barracks |
| 17:37 | Create | Villager (Male) |
| 17:45 | Build | Farm |
| 17:46 | Build | Farm |
| 17:48 | Build | Farm |
| 17:48 | Build | Farm |
| 17:59 | Build | Farm |
| 18:01 | Create | Villager (Male) |
| 18:01 | Create | Villager (Male) |
| 18:01 | Create | Villager (Male) |
| 18:32 | Build | Archery Range |
| 18:34 | Create | Villager (Male) |
| 18:34 | Create | Villager (Male) |
| 18:36 | Build | Farm |
| 18:37 | Build | Farm |
| 18:42 | Create | Villager (Male) |
| 18:42 | Create | Villager (Male) |
| 18:42 | Create | Villager (Male) |
| 18:44 | Research | Loom |
| 18:44 | Research | Loom |
| 18:51 | Build | Farm |
| 18:52 | Build | Farm |
| 19:02 | Create | Villager (Male) |
| 19:02 | Create | Villager (Male) |
| 19:08 | Build | Farm |
| 19:09 | Create | Villager (Male) |
| 19:10 | Create | Villager (Male) |
| 19:10 | Create | Villager (Male) |
| 19:12 | Build | Farm |
| 19:17 | Build | Farm |
| 19:33 | Create | Villager (Male) |
| 19:33 | Create | Villager (Male) |
| 19:34 | Create | Villager (Male) |
| 19:37 | Build | Archery Range |
| 19:55 | Build | Farm |
| 19:55 | Create | Villager (Male) |
| 19:56 | Create | Villager (Male) |
| 19:56 | Create | Villager (Male) |
| 19:56 | Create | Villager (Male) |
| 20:01 | Build | Farm |
| 20:03 | Create | Villager (Male) |
| 20:03 | Create | Villager (Male) |
| 20:05 | Build | House |
| 20:06 | Build | House |
| 20:15 | Create | Cavalry Archer |
| 20:26 | Build | House |
| 20:29 | Build | House |
| 20:36 | Create | Cavalry Archer |
| 20:36 | Create | Cavalry Archer |
| 20:39 | Research | Fletching |
| 20:39 | Research | Fletching |
| 20:40 | Create | Villager (Male) |
| 20:40 | Create | Villager (Male) |
| 20:41 | Create | Villager (Male) |
| 20:43 | Build | Farm |
| 20:46 | Build | Farm |
| 20:50 | Create | Villager (Male) |
| 20:50 | Create | Villager (Male) |
| 20:51 | Create | Villager (Male) |
| 20:51 | Create | Villager (Male) |
| 20:54 | Build | House |
| 20:54 | Build | House |
| 21:14 | Build | Gate |
| 21:22 | Create | Cavalry Archer |
Build order — [TSU] Quickplay's#1Warrior
First 150 of 186 actions detected
| 0:01 | Create | Villager (Male) |
| 0:01 | Create | Villager (Male) |
| 0:01 | Create | Villager (Male) |
| 0:02 | Create | Villager (Male) |
| 0:03 | Build | House |
| 0:04 | Build | House |
| 1:02 | Create | Villager (Male) |
| 1:03 | Create | Villager (Male) |
| 1:32 | Create | Villager (Male) |
| 1:32 | Create | Villager (Male) |
| 2:07 | Create | Villager (Male) |
| 2:07 | Create | Villager (Male) |
| 2:08 | Create | Villager (Male) |
| 2:23 | Create | Villager (Male) |
| 2:30 | Build | Lumber Camp |
| 2:51 | Create | Villager (Male) |
| 2:51 | Create | Villager (Male) |
| 3:00 | Create | Villager (Male) |
| 3:00 | Create | Villager (Male) |
| 3:54 | Create | Villager (Male) |
| 3:54 | Create | Villager (Male) |
| 3:57 | Create | Villager (Male) |
| 3:57 | Create | Villager (Male) |
| 4:21 | Build | House |
| 4:23 | Research | Loom |
| 4:24 | Create | Villager (Male) |
| 4:57 | Build | Mill |
| 5:03 | Create | Villager (Male) |
| 5:26 | Create | Villager (Male) |
| 6:09 | Research | Feudal Age |
| 6:10 | Research | Feudal Age |
| 6:10 | Research | Feudal Age |
| 6:48 | Build | Lumber Camp |
| 7:30 | Build | House |
| 8:10 | Build | Barracks |
| 8:22 | Create | Villager (Male) |
| 8:26 | Age | Feudal Age |
| 8:39 | Create | Villager (Male) |
| 8:59 | Build | Stable |
| 9:07 | Create | Villager (Male) |
| 9:40 | Create | Villager (Male) |
| 9:41 | Create | Scout Cavalry |
| 9:43 | Build | House |
| 10:07 | Create | Villager (Male) |
| 10:08 | Create | Villager (Male) |
| 10:17 | Build | House |
| 10:23 | Create | Scout Cavalry |
| 10:25 | Create | Scout Cavalry |
| 10:26 | Create | Villager (Male) |
| 10:37 | Research | Double-Bit Axe |
| 10:38 | Research | Horse Collar |
| 10:44 | Build | House |
| 10:50 | Build | Farm |
| 10:54 | Build | Farm |
| 11:06 | Create | Scout Cavalry |
| 11:18 | Build | House |
| 11:19 | Create | Villager (Male) |
| 11:21 | Build | Farm |
| 11:38 | Create | Villager (Male) |
| 11:50 | Build | House |
| 11:55 | Create | Scout Cavalry |
| 11:56 | Create | Villager (Male) |
| 11:59 | Build | Farm |
| 12:08 | Build | Farm |
| 12:16 | Create | Villager (Male) |
| 12:20 | Build | House |
| 12:34 | Create | Scout Cavalry |
| 12:35 | Create | Villager (Male) |
| 12:44 | Create | Villager (Male) |
| 12:49 | Build | Farm |
| 13:03 | Build | Farm |
| 13:05 | Create | Villager (Male) |
| 13:07 | Build | Farm |
| 13:09 | Build | House |
| 13:12 | Build | Farm |
| 13:13 | Create | Villager (Male) |
| 13:13 | Create | Villager (Male) |
| 13:29 | Create | Scout Cavalry |
| 13:33 | Build | Farm |
| 13:34 | Create | Villager (Male) |
| 13:50 | Create | Villager (Male) |
| 14:01 | Build | House |
| 14:07 | Build | Mining Camp |
| 14:19 | Create | Scout Cavalry |
| 14:20 | Create | Villager (Male) |
| 14:24 | Build | Farm |
| 14:51 | Create | Scout Cavalry |
| 14:52 | Create | Scout Cavalry |
| 14:52 | Create | Villager (Male) |
| 15:08 | Create | Villager (Male) |
| 15:10 | Build | Farm |
| 15:14 | Build | Mining Camp |
| 15:18 | Create | Villager (Male) |
| 15:28 | Create | Scout Cavalry |
| 15:30 | Create | Villager (Male) |
| 15:33 | Build | Farm |
| 15:41 | Build | Farm |
| 16:06 | Research | Wheelbarrow |
| 16:12 | Build | Farm |
| 16:26 | Create | Villager (Male) |
| 16:38 | Build | Stone Wall |
| 16:49 | Create | Scout Cavalry |
| 16:49 | Create | Villager (Male) |
| 16:52 | Create | Villager (Male) |
| 17:38 | Create | Villager (Male) |
| 17:43 | Create | Scout Cavalry |
| 17:44 | Create | Villager (Male) |
| 17:47 | Build | Farm |
| 17:50 | Build | Farm |
| 17:56 | Create | Villager (Male) |
| 17:59 | Build | Blacksmith |
| 18:23 | Build | Gate |
| 18:26 | Build | Gate |
| 18:31 | Build | Gate |
| 18:35 | Create | Villager (Male) |
| 18:50 | Create | Villager (Male) |
| 19:04 | Create | Villager (Male) |
| 19:13 | Research | Castle Age |
| 19:28 | Build | Lumber Camp |
| 20:20 | Build | Archery Range |
| 20:25 | Build | Archery Range |
| 20:27 | Research | Fletching |
| 20:27 | Research | Padded Archer Armor |
| 20:33 | Build | Archery Range |
| 20:40 | Build | House |
| 20:41 | Build | House |
| 20:56 | Create | Skirmisher |
| 21:15 | Create | Skirmisher |
| 21:22 | Build | Archery Range |
| 21:25 | Create | Skirmisher |
| 21:26 | Create | Skirmisher |
| 21:26 | Create | Skirmisher |
| 21:33 | Create | Villager (Male) |
| 21:46 | Create | Skirmisher |
| 21:46 | Create | Skirmisher |
| 21:49 | Create | Villager (Male) |
| 21:53 | Build | Gate |
| 22:05 | Age | Castle Age |
| 22:11 | Research | Bodkin Arrow |
| 22:12 | Research | Leather Archer Armor |
| 22:20 | Build | Stone Wall |
| 22:22 | Build | Stone Wall |
| 22:23 | Build | Stone Wall |
| 22:31 | Create | Skirmisher |
| 22:31 | Create | Skirmisher |
| 22:32 | Create | Skirmisher |
| 22:32 | Create | Villager (Male) |
| 22:34 | Research | Crossbowman (upgrade) |
| 23:05 | Create | Skirmisher |
| 23:05 | Create | Skirmisher |
Build order — [GDL] Nicky
First 150 of 185 actions detected
| 0:02 | Create | Villager (Male) ×4 |
| 0:04 | Build | House |
| 0:05 | Build | House |
| 1:43 | Create | Villager (Male) |
| 1:44 | Create | Villager (Male) |
| 1:44 | Create | Villager (Male) |
| 2:01 | Create | Villager (Male) |
| 2:02 | Create | Villager (Male) |
| 2:22 | Build | Settlement |
| 2:28 | Create | Villager (Male) |
| 2:57 | Create | Villager (Male) |
| 2:57 | Create | Villager (Male) |
| 3:21 | Create | Villager (Male) |
| 3:21 | Create | Villager (Male) |
| 3:37 | Create | Villager (Male) |
| 4:27 | Create | Villager (Male) |
| 4:28 | Create | Villager (Male) |
| 4:28 | Create | Villager (Male) |
| 5:03 | Create | Villager (Male) |
| 5:26 | Build | Settlement |
| 5:37 | Create | Villager (Male) |
| 5:38 | Create | Villager (Male) |
| 5:38 | Create | Villager (Male) |
| 5:44 | Create | Villager (Male) |
| 6:10 | Create | Villager (Male) |
| 6:34 | Create | Villager (Male) |
| 7:23 | Create | Villager (Male) |
| 7:51 | Build | Settlement |
| 9:01 | Research | Feudal Age |
| 9:33 | Build | Barracks |
| 10:40 | Build | Farm |
| 10:40 | Build | Farm |
| 10:46 | Create | Villager (Male) |
| 10:47 | Create | Villager (Male) |
| 11:13 | Age | Feudal Age |
| 11:20 | Build | Archery Range |
| 11:26 | Build | Blacksmith |
| 11:50 | Build | Archery Range |
| 11:59 | Create | Villager (Male) |
| 12:39 | Research | Castle Age |
| 12:40 | Research | Castle Age |
| 12:40 | Research | Castle Age |
| 12:45 | Build | House |
| 12:58 | Build | Archery Range |
| 13:06 | Build | Archery Range |
| 13:14 | Research | Loom |
| 13:18 | Build | Palisade Wall |
| 13:19 | Build | Palisade Wall |
| 13:19 | Build | Palisade Wall |
| 13:19 | Build | Palisade Wall |
| 13:20 | Build | Palisade Wall |
| 13:28 | Build | Palisade Wall |
| 13:29 | Build | Palisade Wall |
| 13:30 | Build | Palisade Wall |
| 13:32 | Build | Palisade Wall |
| 14:00 | Build | Palisade Wall |
| 14:01 | Build | Palisade Wall |
| 14:01 | Build | Palisade Wall |
| 14:14 | Research | Fletching |
| 14:22 | Build | Settlement |
| 14:51 | Research | Double-Bit Axe |
| 14:51 | Research | Gold Mining |
| 14:54 | Create | Skirmisher |
| 14:57 | Research | Horse Collar |
| 15:04 | Build | Farm |
| 15:05 | Build | Farm |
| 15:19 | Age | Castle Age |
| 15:23 | Create | Bolas Rider |
| 15:23 | Create | Bolas Rider |
| 15:48 | Research | Bow Saw |
| 15:50 | Create | Villager (Male) |
| 15:52 | Create | Bolas Rider |
| 15:52 | Create | Bolas Rider |
| 15:53 | Create | Bolas Rider |
| 15:59 | Create | Bolas Rider |
| 16:12 | Create | Villager (Male) |
| 16:12 | Create | Villager (Male) |
| 16:16 | Create | Bolas Rider |
| 16:16 | Create | Bolas Rider |
| 16:16 | Create | Bolas Rider |
| 16:20 | Create | Villager (Male) |
| 16:30 | Create | Villager (Male) |
| 16:33 | Build | House |
| 16:40 | Build | Settlement |
| 16:53 | Create | Bolas Rider |
| 17:03 | Create | Villager (Male) |
| 17:10 | Create | Bolas Rider |
| 17:10 | Create | Bolas Rider |
| 17:18 | Create | Bolas Rider |
| 17:29 | Research | Wheelbarrow |
| 17:29 | Research | Wheelbarrow |
| 17:49 | Build | Farm |
| 17:52 | Build | Farm |
| 17:56 | Create | Bolas Rider |
| 17:56 | Create | Bolas Rider |
| 18:13 | Build | Farm |
| 18:17 | Build | Farm |
| 18:24 | Create | Bolas Rider |
| 18:24 | Create | Bolas Rider |
| 18:25 | Create | Villager (Male) |
| 18:31 | Build | House |
| 18:32 | Build | House |
| 18:41 | Create | Bolas Rider |
| 18:51 | Create | Bolas Rider |
| 18:54 | Build | House |
| 19:17 | Build | Farm |
| 19:19 | Create | Villager (Male) |
| 19:22 | Create | Bolas Rider |
| 19:22 | Create | Bolas Rider |
| 19:27 | Create | Villager (Male) |
| 19:51 | Create | Bolas Rider |
| 19:51 | Create | Bolas Rider |
| 19:51 | Create | Bolas Rider |
| 20:10 | Build | Farm |
| 20:16 | Create | Bolas Rider |
| 20:26 | Create | Villager (Male) |
| 20:26 | Create | Villager (Male) |
| 20:31 | Build | Market |
| 20:42 | Create | Bolas Rider |
| 20:42 | Create | Bolas Rider |
| 20:42 | Create | Bolas Rider |
| 20:57 | Research | Bodkin Arrow |
| 20:57 | Research | Bodkin Arrow |
| 20:59 | Build | Farm |
| 21:07 | Create | Bolas Rider |
| 21:23 | Create | Bolas Rider |
| 21:23 | Create | Bolas Rider |
| 21:26 | Build | House |
| 21:26 | Build | House |
| 21:29 | Create | Villager (Male) |
| 21:29 | Create | Villager (Male) |
| 21:30 | Create | Villager (Male) |
| 21:32 | Create | Bolas Rider |
| 21:32 | Create | Bolas Rider |
| 21:48 | Create | Bolas Rider |
| 21:51 | Create | Bolas Rider |
| 21:52 | Create | Bolas Rider |
| 22:01 | Build | House |
| 22:02 | Build | House |
| 22:07 | Create | Bolas Rider |
| 22:36 | Create | Bolas Rider |
| 22:36 | Create | Villager (Male) |
| 22:37 | Research | Padded Archer Armor |
| 22:37 | Research | Scale Mail Armor |
| 22:48 | Build | Settlement |
| 23:01 | Create | Bolas Rider |
| 23:03 | Create | Villager (Male) |
| 23:14 | Build | Farm |
| 23:14 | Build | Farm |
| 23:14 | Build | Farm |
Match timeline
| 7:12 | Collllin · first_building Barracks |
| 7:34 | GDL Paquita Industrial · first_building Barracks |
| 8:10 | [TSU] Quickplay's#1Warrior · first_building Barracks |
| 8:26 | [TSU] Quickplay's#1Warrior · age_up feudal |
| 8:26 | Collllin · age_up feudal |
| 8:28 | Collllin · first_building Stable |
| 8:31 | GDL Paquita Industrial · age_up feudal |
| 8:40 | GDL Paquita Industrial · first_building Stable |
| 8:59 | [TSU] Quickplay's#1Warrior · first_building Stable |
| 9:24 | [GDL] El Pinguino · first_building Barracks |
| 9:33 | [GDL] Nicky · first_building Barracks |
| 9:43 | Melodies of Life · age_up feudal |
| 10:08 | Collllin · wall_segment Stone Wall x29 |
| 10:08 | [GDL] Chuchito · age_up feudal |
| 10:32 | [GDL] El Pinguino · age_up feudal |
| 10:32 | BruceC · first_building Barracks |
| 10:54 | [GDL] El Pinguino · first_building Stable |
| 11:08 | [GDL] Chuchito · first_market_sell 100 wood |
| 11:13 | [GDL] Nicky · age_up feudal |
| 11:20 | [GDL] Nicky · first_building Archery Range |
| 11:23 | BruceC · age_up feudal |
| 12:29 | [GDL] El Pinguino · wall_segment Palisade Wall x6 |
| 13:18 | [GDL] Nicky · wall_segment Palisade Wall x1 |
| 13:19 | [GDL] Nicky · wall_segment Palisade Wall x1 |
| 13:19 | [GDL] Nicky · wall_segment Palisade Wall x1 |
| 13:19 | [GDL] Nicky · wall_segment Palisade Wall x1 |
| 13:20 | [GDL] Nicky · wall_segment Palisade Wall x1 |
| 13:28 | [GDL] Nicky · wall_segment Palisade Wall x1 |
| 13:29 | [GDL] Nicky · wall_segment Palisade Wall x1 |
| 13:30 | [GDL] Nicky · wall_segment Palisade Wall x1 |
| 13:32 | [GDL] Nicky · wall_segment Palisade Wall x1 |
| 13:51 | [GDL] Chuchito · age_up castle |
| 14:00 | [GDL] Nicky · wall_segment Palisade Wall x1 |
| 14:01 | [GDL] Nicky · wall_segment Palisade Wall x1 |
| 14:01 | [GDL] Nicky · wall_segment Palisade Wall x1 |
| 15:05 | Melodies of Life · first_building Barracks |
| 15:08 | [GDL] Chuchito · first_building Castle |
| 15:18 | [GDL] Chuchito · wall_segment Palisade Wall x1 |
| 15:19 | [GDL] Nicky · age_up castle |
| 15:20 | BruceC · age_up castle |
| 15:36 | [GDL] Chuchito · wall_segment Palisade Wall x1 |
| 15:37 | [GDL] Chuchito · wall_segment Palisade Wall x1 |
| 15:39 | [GDL] Chuchito · wall_segment Palisade Wall x1 |
| 15:41 | [GDL] Chuchito · wall_segment Palisade Wall x1 |
| 15:48 | [GDL] Chuchito · first_market_buy 100 food |
| 15:50 | Melodies of Life · first_building Stable |
| 16:00 | Melodies of Life · age_up castle |
| 16:27 | BruceC · wall_segment Palisade Wall x24 |
| 16:27 | [GDL] Chuchito · first_building Monastery |
| 16:38 | [TSU] Quickplay's#1Warrior · wall_segment Stone Wall x29 |
| 17:16 | Melodies of Life · first_market_buy 100 food |
| 18:32 | BruceC · first_building Archery Range |
| 19:27 | GDL Paquita Industrial · wall_segment Stone Wall x32 |
| 20:20 | [TSU] Quickplay's#1Warrior · first_building Archery Range |
| 20:38 | [GDL] El Pinguino · age_up castle |
| 20:39 | Collllin · age_up castle |
| 20:41 | Collllin · first_building Krepost |
| 20:46 | Collllin · first_market_buy 100 stone |
| 21:11 | GDL Paquita Industrial · age_up castle |
| 22:05 | [TSU] Quickplay's#1Warrior · age_up castle |
| 22:20 | [TSU] Quickplay's#1Warrior · wall_segment Stone Wall x1 |
| 22:22 | [TSU] Quickplay's#1Warrior · wall_segment Stone Wall x1 |
| 22:23 | [TSU] Quickplay's#1Warrior · wall_segment Stone Wall x9 |
| 22:52 | GDL Paquita Industrial · first_market_buy 100 food |
| 24:01 | Collllin · first_building Monastery |
| 24:04 | [TSU] Quickplay's#1Warrior · wall_segment Stone Wall x15 |
| 24:07 | [GDL] El Pinguino · first_market_sell 100 food |
| 24:07 | [GDL] El Pinguino · first_market_buy 100 wood |
| 24:13 | GDL Paquita Industrial · wall_segment Stone Wall x30 |
| 24:47 | [TSU] Quickplay's#1Warrior · wall_segment Palisade Wall x1 |
| 24:53 | [GDL] El Pinguino · wall_segment Palisade Wall x1 |
| 24:54 | [GDL] El Pinguino · wall_segment Palisade Wall x1 |
| 24:54 | [GDL] El Pinguino · wall_segment Palisade Wall x1 |
| 24:55 | [GDL] El Pinguino · wall_segment Palisade Wall x1 |
| 25:18 | [GDL] El Pinguino · first_building Siege Workshop |
| 25:34 | [TSU] Quickplay's#1Warrior · wall_segment Stone Wall x1 |
| 25:36 | [TSU] Quickplay's#1Warrior · wall_segment Stone Wall x1 |
| 25:57 | BruceC · first_building Stable |
| 26:08 | [TSU] Quickplay's#1Warrior · first_building Castle |
| 26:22 | [TSU] Quickplay's#1Warrior · wall_segment Stone Wall x7 |
| 27:04 | [TSU] Quickplay's#1Warrior · resign |
[ AI ANALYSIS · 1 CREDIT ]
What really happened in this match?
Wolo.gg analyzes every decision: build order, eco, micro, common mistakes by bracket. Personalized analysis on WhatsApp or Discord in 30 seconds.
Civ guide
Magyars
Perfil
Jugador #4106303